 Dungeon Crawl Stone Soup version 0.31-a0-1082-g7d1fb776a8 (webtiles) character file.

Game seed: 16255585473279362351

238007 Gumption the Peltast (level 18, -4/145 (156) HPs)
             Began as an Armataur Fighter on Nov 27, 2023.
             Was an Elder of Qazlal.
             Slain by a vampire knight
             ... wielding a +0 dire flail
              (17 damage)
             ... on level 2 of the Depths.
             The game lasted 05:00:38 (38377 turns).

Gumption the Peltast (Armataur Fighter)            Turns: 38377, Time: 05:00:39

HP:   -4/145 (156)  AC: 36    Str: 22    XL:     18   Next: 55%
MP:   20/20         EV:  7    Int:  5    God:    Qazlal [****..]
Gold: 3223          SH: 28    Dex: 23    Spells: 15/17 levels left

rFire   + . .        a - +5 morningstar
rCold   + . .        M - +0 tower shield
rNeg    . . .        h - +9 plate armour {ponderous}
rPois   .            c - +0 hat {Will+}
rElec   +            R - scarf "Vekegiuc" {rC+ rF+, Int-5 Dex+3 SInv}
rCorr   .            P - +1 pair of gloves
SInv    +            N - +3 barding
Will    +++..        e - amulet of regeneration Stlth
                     Y - ring of Faell {rElec Will+ MP-9 Str-4 Dex+8}
HPRegen 1.24/turn    O - ring of see invisible
MPRegen 0.17/turn

%: repel missiles, roll
@: mighty, drained, slow
A: large, deformed body, tough skin 3, armoured tail, roll 2, long tongue
}: 2/15 runes: decaying, gossamer
a: Renounce Religion, Upheaval, Elemental Force


You were on level 2 of the Depths.
You worshipped Qazlal.
Qazlal was greatly pleased with you.
You visited 6 branches of the dungeon, and saw 32 of its levels.
You also visited: Ossuary, Gauntlet and Volcano.

You collected 3629 gold pieces.
You spent 406 gold pieces at shops.

Inventory:

Hand Weapons
 a - a +5 morningstar (weapon)
 b - a +1 heavy sling
Missiles
 t - 46 poisoned darts
 H - 3 throwing nets
 Q - 5 curare-tipped darts
 W - 14 javelins (quivered)
Armour
 c - a +0 hat of willpower (worn)
 h - a +9 plate armour of ponderousness (worn)
 M - a +0 tower shield (worn)
 N - a +3 barding (worn)
 P - a +1 pair of gloves (worn)
 R - the scarf "Vekegiuc" (worn) {rC+ rF+, Int-5 Dex+3 SInv}
   (You found it on level 1 of the Swamp)

   Int-5:     It affects your intelligence (-5).
   Dex+3:     It affects your dexterity (+3).
   SInv:      It lets you see invisible.
Jewellery
 e - an amulet of regeneration (around neck)
 j - a ring of willpower
 y - a ring of protection from cold
 O - a ring of see invisible (right hand)
 Y - the ring of Faell (left hand) {rElec Will+ MP-9 Str-4 Dex+8}
   (You found it in a Gauntlet)

   [ring of willpower]

   Str-4:     It affects your strength (-4).
   Dex+8:     It affects your dexterity (+8).
   rElec:     It insulates you from electricity.
   Will+:     It increases your willpower.
   MP-9:      It affects your magic capacity (-9).
Wands
 g - a wand of flame (43)
 x - a wand of acid (12)
 D - a wand of digging (6)
 J - a wand of mindburst (19)
 V - a wand of roots (28)
 X - a wand of charming (32)
 Z - a wand of polymorph (17)
Scrolls
 f - a scroll of vulnerability
 k - 12 scrolls of teleportation
 m - 5 scrolls of immolation
 p - 4 scrolls of blinking
 s - 3 scrolls of poison
 w - 2 scrolls of torment
 B - 2 scrolls of revelation
 E - 3 scrolls of silence
 F - 5 scrolls of fear
 I - 4 scrolls of fog
 K - a scroll of summoning
 L - 25 scrolls of identify
 S - a scroll of amnesia
 U - a scroll of enchant armour
Potions
 d - 5 potions of might
 i - 5 potions of enlightenment
 l - 8 potions of magic
 o - 9 potions of brilliance
 q - 3 potions of resistance
 r - 10 potions of curing
 v - 2 potions of heal wounds
 z - 6 potions of mutation
 A - 6 potions of ambrosia
 C - 2 potions of haste
 T - a potion of cancellation


   Skills:
 + Level 12.7 Fighting
 - Level 16.0 Maces & Flails
 + Level 15.0 Armour
 * Level 8.9 Dodging
 + Level 17.2 Shields
 + Level 15.2 Invocations


You had 15 spell levels left.
You knew the following spells:

 Your Spells              Type           Power      Damage    Failure   Level
a - Blink                 Tloc           0%         N/A       100%        2

Your spell library contained the following spells:

 Spells                   Type           Power      Damage    Failure   Level
 Kiss of Death            Conj/Necr      0%         2d5       100%        1
 Magic Dart               Conj           0%         1d3       100%        1
 Necrotise                Necr           0%         1d4       100%        1
 Shock                    Conj/Air       0%         1d3       100%        1
 Sting                    Tmut/Pois      0%         1d3       100%        1
 Call Imp                 Summ           0%         N/A       100%        2
 Ensorcelled Hibernation  Hex/Ice        0%         N/A       100%        2
 Jinxbite                 Hex            0%         N/A       100%        2
 Lesser Beckoning         Tloc           0%         N/A       100%        2
 Momentum Strike          Conj/Tloc      0%         3d8       100%        2
 Poisonous Vapours        Pois/Air       0%         N/A       100%        2
 Frozen Ramparts          Ice            0%         1d1       100%        3
 Gell's Gravitas          Tloc           0%         N/A       100%        3
 Mephitic Cloud           Conj/Pois/Air  0%         N/A       100%        3
 Ozocubu's Armour         Ice            0%         N/A       100%        3
 Swiftness                Air            0%         N/A       100%        3
 Teleport Other           Tloc           0%         N/A       100%        3
 Vampiric Draining        Necr           0%         2d6       100%        3
 Airstrike                Air            0%         2d(0-16)  100%        4
 Anguish                  Hex/Necr       0%         N/A       100%        4
 Animate Dead             Necr           0%         N/A       100%        4
 Olgreb's Toxic Radiance  Pois           0%         N/A       100%        4
 Passage of Golubria      Tloc           0%         N/A       100%        4
 Petrify                  Tmut/Erth      0%         N/A       100%        4
 Agony                    Necr           0%         N/A       100%        5
 Borgnjor's Vile Clutch   Necr/Erth      0%         N/A       100%        5
 Metabolic Englaciation   Hex/Ice        0%         N/A       100%        5
 Silence                  Hex/Air        0%         N/A       100%        5
 Summon Forest            Summ/Tloc      0%         N/A       100%        5
 Summon Mana Viper        Hex/Summ       0%         N/A       100%        5
 Death Channel            Necr           0%         N/A       100%        6
 Dispersal                Tloc           0%         N/A       100%        6
 Summon Cactus Giant      Summ           0%         N/A       100%        6
 Lehudib's Crystal Spear  Conj/Erth      0%         10d2      100%        8


Dungeon Overview and Level Annotations

Branches:
Dungeon (15/15)            Temple (0/1) D:7            Lair (5/5) D:8
  Swamp (4/4) Lair:3       Spider (4/4) Lair:3        Slime (0/5) Lair:5
    Orc (2/2) D:9             Elf (0/3) Orc:2        Vaults (0/5) D:14
 Depths (2/4) D:15        Ossuary (visited)         Volcano (visited)
Gauntlet (visited)

Altars:
Ashenzari
Kikubaaqudgha
Makhleb
Nemelex Xobeh
Qazlal
Ru
Uskayaw
Xom
Yredelemnul
Jiyva

Shops:
D:3 **   Orc:1 (?   Orc:2 :[(*

Portals:
Hell: Depths:1
Pandemonium: Depths:2
Ziggurat: Depths:2

Annotations:
D:5 exclusion: downstairs
D:13 2 transporters, Ixzext's ghost, journeyman MiBe
D:15 exclusion: orange crystal statue
Lair:2 exclusion: 3 oklob plants
Swamp:3 3 runed translucent doors, Turbonekonecno's ghost, adept SpEn


Innate Abilities, Weirdness & Mutations

Armour fits poorly on your strangely shaped body.
You have extremely tough skin. (AC +3)
You have a long armoured tail.
You roll and regenerate health when moving toward enemies. (Rampage Heal)
Your long tongue fully drains potion bottles. (2x potion effects)


Message History

Press: ? - help, Dir - move target, p - vampire knight
As you read the scroll of blinking, it crumbles to dust.
The vampire knight casts a spell at you.
The vampire knight blinks!
You block the vampire knight's attack. x2
The vampire knight attacks as it pursues you!
You block the vampire knight's attack. x2
You hit the vampire knight but do no damage.
Your tail-slap misses the vampire knight.
The vampire knight is heavily damaged.
The vampire knight hits you but does no damage.
You block the vampire knight's attack. x3
You hit the vampire knight.
The vampire knight is heavily damaged.
You block the vampire knight's attack.
The vampire knight bites you but does no damage.
You closely miss the vampire knight.
You tail-slap the vampire knight, but do no damage.
The vampire knight is heavily damaged.
You block the vampire knight's attack. x2
You barely miss the vampire knight. You tail-slap the vampire knight.
The vampire knight is heavily damaged.
You block the vampire knight's attack. x3
The vampire knight bites you but does no damage.
You hit the vampire knight.
You tail-slap the vampire knight, but do no damage.
The vampire knight is heavily damaged.
You block the vampire knight's attack. x2
You barely miss the vampire knight.
Your tail-slap misses the vampire knight.
The vampire knight is heavily damaged.
You block the vampire knight's attack. x2
You barely miss the vampire knight.
The vampire knight is heavily damaged.
The vampire knight hits you with a +0 dire flail!!
* * * LOW HITPOINT WARNING * * *
You block the vampire knight's attack.
You feel very mighty all of a sudden.
You slurp down every last drop of the potion of might!
The vampire knight hits you with a +0 dire flail!
You die...

###############........
###...............>......
##Z..########.#####.......
####..§.# #.# #......#
#...†##.# #.#####.......
##....Z#.# #.##.....#....
#./)##...######
#.##.##.....). .......#
##..#ZV.###.#..####.....
.###..## ##§..#@.##.#.##
##...) #..# ###.##......#
###.. ...# #.#####....#
##... ####. #.# #####..#
#.... . #. ...###.#.. . .
...##..... #. #..##..... #
)###..... .. #.....


You could see a vampire knight (fast) and a spectral spark wasp.

Vanquished Creatures
  Saint Roka (Orc:2)
  A caustic shrike (Depths:2)
  A bone dragon (Swamp:4)
  A tentacled monstrosity (Swamp:3)
  3 sphinxes (Depths:2)
  Gastronok (Lair:1)
  A tengu reaver (Depths:2)
  Agnes (D:14)
  Kirke (Lair:3)
  4 frost giants
  4 emperor scorpions
  3 fire giants
  3 ghost moths (Spider:3)
  A spriggan defender (Depths:2)
  Louise (D:14)
  12 very ugly things
  5 stone giants
  A vampire knight (Depths:2)
  6 broodmothers
  7 eleionomae
  Azrael (D:13)
  4 spark wasps
  A lorocyproca (Depths:2)
  7 bunyips
  A minotaur (Gauntlet)
  3 ettins
  2 entropy weavers
  2 fire dragons (Depths:1)
  6 alligators
  13 hydras
  2 rakshasas (D:15)
  An ice dragon (Depths:2)
  A spriggan air mage (Depths:1)
  Erica (D:10)
  2 catoblepae
  3 centaur warriors
  3 ghost crabs
  2 two-headed ogres
  3 boulder beetles
  A radroach (Spider:2)
  2 demonic crawlers (Spider:2)
  A vampire mage (Swamp:3)
  A tengu warrior (Depths:1)
  5 deep troll earth magi
  A deep troll shaman (D:15)
  An orc high priest (Orc:2)
  Urug (Lair:5)
  2 spriggan berserkers (Depths:1)
  2 hell knights
  3 skeletal warriors (D:13)
  A deep elf knight (D:14)
  2 skysharks
  A salamander mystic (Volcano)
  2 goliath frogs
  7 pharaoh ants
  6 deep trolls
  5 swamp dragons
  2 death drakes
  A sixfirhy (Depths:2)
  A glowing orange brain (Depths:1)
  6 orb spiders
  6 bog bodies
  2 deep elf archers (D:14)
  3 spectral hydras (Swamp:4)
  3 large abominations (Gauntlet)
  A shadow demon (Depths:2)
  Pikel (D:8)
  2 deep elf pyromancers (D:15)
  A steelbarb worm (Spider:1)
  19 wolf spiders
  3 phantasmal warriors
  2 orc knights (Orc:2)
  8 ugly things
  3 alligator zombies (Swamp:4)
  A deep elf zephyrmancer (D:13)
  5 salamanders (Volcano)
  5 cyclopes
  4 will-o-the-wisps
  10 elephants
  Maurice (D:10)
  4 moths of wrath
  4 orc sorcerers (Orc:2)
  3 manticores (D:15)
  An ice statue (Gauntlet)
  4 torpor snails
  A guardian serpent (D:13)
  5 black mambas
  A rust devil (Gauntlet)
  A molten gargoyle (Volcano)
  A gargoyle (D:12)
  10 cane toads
  A freezing wraith (D:14)
  An unseen horror (D:12)
  11 komodo dragons
  A yaktaur (shapeshifter) (D:15)
  6 rime drakes
  6 swamp worm zombies (Swamp:4)
  A kobold demonologist (D:13)
  A tengu conjurer (D:13)
  9 tyrant leeches
  A queen bee (shapeshifter) (Depths:2)
  3 trolls
  3 meliai (Spider:4)
  2 hydra zombies (Swamp:4)
  6 polar bears
  28 tarantellas
  11 blink frogs
  3 dream sheep (Lair:5)
  11 hornets
  A glass eye (Depths:2)
  A spectral swamp dragon (Swamp:4)
  23 jumping spiders
  14 slime creatures
  A spriggan (shapeshifter) (D:15)
  A ynoxinul (Gauntlet)
  A vampire (D:13)
  21 spriggans
  A water elemental (Depths:1)
  3 wyverns
  A wraith (D:9)
  10 culicivoras
  3 fire elementals
  52 yaks
  2 hogs (Lair:3)
  5 fire bats (Volcano)
  Eustachio (D:5)
  3 basilisks
  Grum (D:11)
  A redback (shapeshifter) (D:14)
  35 redbacks
  2 steam dragons
  13 vampire mosquitoes
  A golden eye (Lair:2)
  9 wargs
  2 acid dragons
  11 water moccasins
  10 swamp worms
  4 hell hounds
  25 orc warriors
  5 swamp dragon zombies (Swamp:4)
  2 black bears
  2 ice beasts (D:7)
  2 sky beasts
  6 ogres
  6 small abominations (Gauntlet)
  20 wolves
  9 boggarts
  4 centaurs
  8 phantoms
  2 lemures (D:8)
  Blork the orc (Orc:2)
  3 kobold brigands
  7 bullfrogs
  6 scorpions
  6 water moccasin zombies (Ossuary)
  4 wights
  24 killer bees
  5 lava snakes (Volcano)
  3 hounds
  5 jellies
  Crazy Yiuf (D:3)
  A gnoll bouda (D:6)
  17 orc priests
  3 iron imps (Gauntlet)
  2 sleepcaps
  24 orc wizards
  Terence (D:1)
  5 iguanas
  A spectral swamp drake (Swamp:4)
  2 mummies (Ossuary)
  15 gnolls
  9 adders
  5 adder zombies (Ossuary)
  2 dart slugs
  48 orcs
  8 ball pythons
  5 endoplasms
  A giant cockroach (D:4)
  11 goblins
  4 hobgoblins (D:1)
  4 quokkas
  3 training dummies (Orc:1)
  8 bats
  A frilled lizard (D:1)
  7 gnoll zombies (Ossuary)
  3 hobgoblin zombies (Ossuary)
  12 kobolds
  A kobold zombie (Ossuary)
  3 orc zombies (Ossuary)
  4 rats
  A butterfly (Lair:4)
990 creatures vanquished.

Vanquished Creatures (collateral kills)
  A tentacled monstrosity (Swamp:1)
  An emperor scorpion (Spider:4)
  A frost giant (Depths:1)
  2 very ugly things (Depths:1)
  3 spark wasps (Depths:1)
  A jorogumo (Spider:4)
  An orc knight (Orc:2)
  A tarantella (Spider:4)
  2 hogs (Swamp:1)
  2 wargs (Orc:2)
15 creatures vanquished.

Vanquished Creatures (others)
  2 hydras
  2 spriggans (Swamp:1)
  An orb spider (Spider:2)
  A tengu conjurer (Depths:1)
  5 bloated husks
  A spectral swamp dragon (Swamp:4)
  2 hornets (Swamp:1)
  A jumping spider (Spider:2)
  A yak (Lair:5)
  A redback (Spider:2)
  2 phantoms (Swamp:4)
  An iguana (Lair:3)
  An orc wizard (Orc:2)
  A spectral swamp drake (Swamp:4)
  A swamp drake zombie (Swamp:4)
  A ball python (D:4)
  18 foxfires
42 creatures vanquished.

Grand Total: 1047 creatures vanquished

Notes
Turn   | Place    | Note
-------+----------+-------------------------------------------
     0 | D:1      | Gumption the Armataur Fighter began the quest for the Orb.
     0 | D:1      | Reached XP level 1. HP: 18/18 MP: 1/1
   185 | D:1      | Reached XP level 2. HP: 15/25 MP: 2/2
   640 | D:1      | Reached XP level 3. HP: 31/31 MP: 3/3
   979 | D:2      | Noticed Terence
   994 | D:1      | Killed Terence
  1133 | D:2      | Learned a level 2 spell: Blink
  1271 | D:2      | Reached XP level 4. HP: 38/38 MP: 4/4
  2083 | D:3      | Found Wes Laach's General Store.
  2087 | D:3      | Bought a scroll of identify for 22 gold pieces
  2114 | D:3      | Found Pekaru's General Store.
  2120 | D:3      | Bought a scroll of identify for 20 gold pieces
  2293 | D:3      | Reached XP level 5. HP: 42/45 MP: 5/5
  2476 | D:3      | Found a runed translucent door.
  2477 | D:3      | Noticed Crazy Yiuf
  2990 | D:4      | Reached skill level 5 in Armour
  3044 | D:4      | Reached XP level 6. HP: 32/52 MP: 6/6
  3255 | D:4      | Found an ancient bone altar of Kikubaaqudgha.
  3643 | D:4      | Noticed a steam dragon
  3881 | D:5      | Entered Level 5 of the Dungeon
  3966 | D:5      | Reached skill level 5 in Maces & Flails
  3966 | D:5      | Gained mutation: You roll and regenerate health when moving
                  | toward enemies. (Rampage Heal) [Armataur growth]
  3966 | D:5      | Reached XP level 7. HP: 59/59 MP: 7/7
  4243 | D:5      | Found a sacrificial altar of Ru.
  4271 | D:5      | Identified the +3 flail of Crusades {drain, rF+ rCorr Int+2
                  | Stlth+}
  4367 | D:5      | Noticed Eustachio
  4390 | D:5      | Killed Eustachio
  4391 | D:5      | Reached skill level 5 in Fighting
  4391 | D:5      | Reached XP level 8. HP: 68/68 MP: 8/8
  4397 | D:5      | Found a stormy altar of Qazlal.
  4402 | D:5      | Noticed an air elemental
  4411 | D:5      | Became a worshipper of Qazlal Stormbringer
  4683 | D:6      | Found a sand-covered staircase.
  4691 | Ossuary  | Entered an ossuary
  5005 | Ossuary  | Reached * piety under Qazlal
  5536 | D:6      | Found a burning altar of Makhleb.
  5764 | D:6      | Reached XP level 9. HP: 59/75 MP: 9/9
  6097 | D:6      | Found a hide-covered altar of Uskayaw.
  6701 | D:3      | Bought a scroll of revelation for 82 gold pieces
  6701 | D:3      | Bought a scroll of revelation for 82 gold pieces
  6723 | D:3      | Bought 2 potions of haste for 200 gold pieces
  7221 | D:7      | Found a staircase to the Ecumenical Temple.
  7852 | D:8      | Found a sparkling altar of Nemelex Xobeh.
  8046 | D:8      | Noticed Pikel
  8052 | D:8      | Killed Pikel
  8053 | D:8      | Reached skill level 4 in Shields
  8161 | D:8      | Reached ** piety under Qazlal
  8317 | D:8      | Reached XP level 10. HP: 78/81 MP: 10/10
  8411 | D:8      | Found a staircase to the Lair.
  8576 | D:9      | Reached skill level 5 in Shields
  8895 | D:9      | Reached skill level 1 in Invocations
  8908 | D:9      | Paralysed by a hornet for 3 turns
  9046 | D:9      | Found a broken altar of Ashenzari.
  9119 | D:9      | Reached skill level 10 in Maces & Flails
  9210 | D:9      | Reached skill level 10 in Armour
  9310 | D:9      | Found a staircase to the Orcish Mines.
  9512 | D:9      | Reached skill level 6 in Shields
  9526 | D:9      | Reached *** piety under Qazlal
  9574 | D:10     | Entered Level 10 of the Dungeon
  9620 | D:10     | Noticed a two-headed ogre
  9621 | D:10     | Noticed Maurice
  9633 | D:9      | Killed a two-headed ogre
  9711 | D:10     | Noticed Erica
  9725 | D:10     | Killed Erica
  9726 | D:10     | Reached XP level 11. HP: 75/92 MP: 13/13
  9742 | D:10     | Maurice stole a staff of air
  9746 | D:10     | Killed Maurice
 10106 | D:10     | Found a shimmering altar of Xom.
 10199 | Lair:1   | Entered Level 1 of the Lair of Beasts
 10245 | Lair:1   | Found a gate leading to a gauntlet.
 10286 | Lair:1   | Reached skill level 7 in Shields
 10289 | Gauntlet | Entered a Gauntlet
 10289 | Gauntlet | Found a transporter.
 10460 | Gauntlet | Found a transporter.
 10469 | Gauntlet | Found a transporter.
 10474 | Gauntlet | Found a transporter.
 10489 | Gauntlet | Found a transporter.
 10508 | Gauntlet | Found a transporter.
 10520 | Gauntlet | Found a transporter.
 10520 | Gauntlet | Noticed an obsidian statue
 10532 | Gauntlet | Found a transporter.
 10544 | Gauntlet | Found a transporter.
 10545 | Gauntlet | Noticed a large abomination
 10552 | Gauntlet | Found a large runed translucent door.
 10553 | Gauntlet | Found a large runed translucent door.
 10554 | Gauntlet | Found a large runed translucent door.
 10554 | Gauntlet | Found a large runed translucent door.
 10555 | Gauntlet | Found a runed translucent gate.
 10556 | Gauntlet | Found a transporter.
 10556 | Gauntlet | Found a runed translucent gate.
 10557 | Gauntlet | Found a runed translucent gate.
 10557 | Gauntlet | Noticed a death scarab
 10558 | Gauntlet | Found a large runed translucent door.
 10558 | Gauntlet | Found a large runed translucent door.
 10558 | Gauntlet | Found a runed translucent door.
 10558 | Gauntlet | Found a runed translucent door.
 10559 | Gauntlet | Found a large runed translucent door.
 10560 | Gauntlet | Found a large runed translucent door.
 10561 | Gauntlet | Noticed a death scarab
 10562 | Gauntlet | Found a transporter.
 10562 | Gauntlet | Found a transporter.
 10567 | Gauntlet | Found a large runed translucent door.
 10567 | Gauntlet | Found a large runed translucent door.
 10568 | Gauntlet | Found a large runed translucent door.
 10569 | Gauntlet | Found a large runed translucent door.
 10578 | Gauntlet | Found a large runed translucent door.
 10578 | Gauntlet | Found a large runed translucent door.
 10579 | Gauntlet | Found a large runed translucent door.
 10580 | Gauntlet | Found a large runed translucent door.
 10601 | Gauntlet | Found a transporter.
 10626 | Gauntlet | Found a transporter.
 10628 | Gauntlet | Found a transporter.
 10648 | Gauntlet | Found a transporter.
 10726 | Gauntlet | Found a transporter.
 10746 | Gauntlet | Found a transporter.
 11624 | Gauntlet | Killed a large abomination
 11663 | Gauntlet | Identified the ring "Eleup" {*Corrode rElec rC+ rN++ SInv}
 11896 | Gauntlet | Noticed a minotaur
 11912 | Gauntlet | Killed a minotaur
 11913 | Gauntlet | Reached skill level 5 in Invocations
 11964 | Gauntlet | Identified the ring of Faell {rElec Will+ MP-9 Str-4 Dex+8}
 11965 | Gauntlet | Got the Parchment of Posthumous Ice
 12108 | Lair:1   | Noticed Gastronok
 12123 | Lair:1   | Killed Gastronok
 12124 | Lair:1   | Reached skill level 8 in Shields
 12173 | Lair:1   | Reached XP level 12. HP: 100/100 MP: 16/16
 12277 | Lair:1   | Reached **** piety under Qazlal
 13046 | Lair:2   | Noticed a four-headed hydra
 13056 | Lair:2   | Killed a four-headed hydra
 13114 | Lair:2   | Reached skill level 9 in Shields
 13862 | Lair:3   | Noticed a five-headed hydra
 13873 | Lair:3   | Killed a five-headed hydra
 13922 | Lair:3   | Found a hole to the Spider Nest.
 14107 | Lair:3   | Found a staircase to the Swamp.
 14596 | Lair:4   | Noticed a six-headed hydra
 14600 | Lair:4   | Killed a six-headed hydra
 14671 | Lair:4   | Reached XP level 13. HP: 94/105 MP: 18/18
 14753 | Lair:4   | Reached ***** piety under Qazlal
 14768 | Lair:4   | Reached skill level 10 in Shields
 15617 | Lair:5   | Entered Level 5 of the Lair of Beasts
 15626 | Lair:5   | Noticed Urug
 15645 | Lair:5   | Killed Urug
 15718 | Lair:5   | Found a viscous altar of Jiyva.
 15723 | Lair:5   | Found a staircase to the Slime Pits.
 15794 | Lair:5   | Reached skill level 11 in Shields
 16576 | Lair:5   | Reached XP level 14. HP: 113/113 MP: 18/21
 17101 | D:11     | Noticed Grum
 17158 | D:11     | Killed Grum
 17336 | D:11     | Identified the +1 ring mail of Moijuirgh {rF+ Will++
                  | Slay+6}
 17689 | D:12     | Reached skill level 12 in Shields
 17887 | D:12     | Reached skill level 10 in Invocations
 18618 | D:13     | Noticed a sphinx
 18620 | D:13     | Noticed Ixzext's ghost (journeyman MiBe)
 18639 | D:13     | Reached skill level 15 in Armour
 19070 | D:13     | Found a transporter.
 19073 | D:13     | Found a transporter.
 19514 | D:14     | Noticed Azrael
 19515 | D:14     | Noticed Agnes
 19532 | D:13     | Killed Azrael
 19637 | D:14     | Noticed Louise
 19967 | D:14     | Killed Agnes
 20192 | D:14     | Killed Louise
 20260 | D:14     | Identified the +2 pair of gloves "Jikhil" {-Tele Int+4
                  | Dex+3}
 20387 | D:14     | Found a gate to the Vaults.
 20399 | D:14     | Reached skill level 13 in Shields
 20927 | D:15     | Entered Level 15 of the Dungeon
 20985 | D:15     | Noticed a stone giant
 21014 | D:15     | Killed a stone giant
 21100 | D:15     | Identified the +0 dire flail "Bow Ycu" {venom, Str+3 Dex+5
                  | Stlth-}
 21125 | D:15     | Reached XP level 15. HP: 121/121 MP: 14/23
 21497 | D:15     | Found a staircase to the Depths.
 21545 | D:15     | Found a basalt altar of Yredelemnul.
 22004 | D:15     | Identified the +1 leather armour "Loec" {Harm Dex+2}
 22293 | Orc:1    | Entered Level 1 of the Orcish Mines
 22335 | Orc:2    | Entered Level 2 of the Orcish Mines
 22359 | Orc:2    | Reached ****** piety under Qazlal
 22450 | Orc:1    | Found a dark tunnel.
 22457 | Volcano  | Entered a volcano
 22514 | Volcano  | Reached skill level 15 in Maces & Flails
 22624 | Volcano  | Found a bloodstained altar of Trog.
 22951 | Orc:1    | Found Uxudghue's Magic Scroll Boutique.
 22982 | Orc:1    | Found Beegets's Firing Range.
 23287 | Orc:2    | Noticed Saint Roka
 23567 | Orc:2    | Found a staircase to the Elven Halls.
 23651 | Orc:2    | Noticed Blork the orc
 23665 | Orc:2    | Killed Blork the orc
 24121 | Orc:2    | Killed Saint Roka
 24432 | Orc:2    | Found Beuz Yro's General Store.
 24458 | Orc:2    | Found Omuwn's Antique Armour Emporium.
 24474 | Orc:2    | Found Vuadofud's Book Emporium.
 24490 | Orc:2    | Found Hiypokkao's Antique Weapon Emporium.
 24951 | Spider:1 | Entered Level 1 of the Spider Nest
 24955 | Spider:1 | Noticed an emperor scorpion
 24988 | Lair:3   | Killed an emperor scorpion
 24989 | Lair:3   | Reached skill level 14 in Shields
 26290 | Spider:2 | Noticed an emperor scorpion
 26342 | Spider:1 | Killed an emperor scorpion
 26818 | Spider:2 | Noticed an emperor scorpion
 26867 | Spider:1 | Killed an emperor scorpion
 26868 | Spider:1 | Reached XP level 16. HP: 75/134 MP: 16/25
 27394 | Spider:2 | Reached skill level 10 in Fighting
 28539 | Spider:3 | Reached skill level 15 in Shields
 29292 | Spider:4 | Entered Level 4 of the Spider Nest
 29643 | Spider:4 | Reached skill level 1 in Dodging
 30797 | Spider:4 | Got a gossamer rune of Zot
 31282 | Swamp:1  | Entered Level 1 of the Swamp
 31485 | Swamp:1  | Noticed a tentacled monstrosity
 31522 | Swamp:1  | Killed a tentacled monstrosity
 31524 | Swamp:1  | Reached XP level 17. HP: 70/144 MP: 12/27
 31586 | Swamp:1  | Noticed Kirke
 31633 | Lair:3   | Killed Kirke
 31654 | Swamp:1  | Identified the scarf "Vekegiuc" {rC+ rF+, Int-5 Dex+3 SInv}
 32267 | Swamp:2  | Reached skill level 5 in Dodging
 33004 | Swamp:3  | Reached skill level 16 in Shields
 33256 | Swamp:3  | Found a runed translucent gate.
 33257 | Swamp:3  | Found a runed translucent gate.
 33257 | Swamp:3  | Found a runed translucent gate.
 33258 | Swamp:3  | Noticed Turbonekonecno's ghost (adept SpEn)
 33931 | D:3      | Killed Crazy Yiuf
 34462 | Swamp:4  | Entered Level 4 of the Swamp
 34507 | Swamp:4  | Noticed a tentacled monstrosity
 34595 | Swamp:3  | Killed a tentacled monstrosity
 35314 | Swamp:4  | Noticed a bone dragon
 35376 | Swamp:4  | Killed a bone dragon
 35480 | Swamp:4  | Got a decaying rune of Zot
 36037 | Depths:1 | Entered Level 1 of the Depths
 36747 | Depths:1 | Reached XP level 18. HP: 147/154 MP: 20/29
 36799 | Depths:1 | HP: 5/154 [poisoned by a green very ugly thing]
 36800 | Depths:1 | HP: 1/154 [poisoned by a green very ugly thing]
 37045 | Depths:1 | Found a gateway to Hell.
 37263 | Depths:1 | You fall into a shaft and drop 1 floor!
 37266 | Depths:2 | Noticed a caustic shrike
 37270 | Depths:2 | Killed a caustic shrike
 37296 | Depths:2 | Reached skill level 17 in Shields
 37298 | Depths:2 | Reached skill level 15 in Invocations
 38054 | Depths:2 | Found a one-way gateway to a ziggurat.
 38118 | Depths:2 | Found a one-way gate leading to the halls of Pandemonium.
 38377 | Depths:2 | Slain by a vampire knight

Illustrated notes

Levels and vault maps discovered:
D:1:      erik_arrival_triangle_small, layout_basic, minmay_box_of_dots
D:2:      layout_rooms, uniq_terence
D:3:      layout_loops_corners, serial_shops, shop, shop, roderic_lattice_a,
          uniq_crazy_yiuf_cottage
D:4:      layout_gridville, marbit_many_paths, nicolae_letterblocks
          [nicolae_letter_subblock, nicolae_letter_subblock,
          nicolae_letter_subblock, nicolae_letter_subblock,
          nicolae_letter_subblock, nicolae_letter_subblock,
          nicolae_letter_subblock, nicolae_letter_subblock,
          nicolae_letter_subblock, nicolae_letter_subblock,
          nicolae_letter_subblock, nicolae_letter_subblock,
          nicolae_letter_subblock, nicolae_letter_subblock,
          nicolae_letter_subblock, nicolae_letter_subblock,
          nicolae_letter_subblock, nicolae_letter_subblock,
          nicolae_letter_subblock, nicolae_letter_subblock,
          nicolae_letter_subblock, nicolae_letter_subblock,
          nicolae_letter_subblock, nicolae_letter_subblock,
          nicolae_letter_subblock]
D:5:      layout_rooms, nicolae_qazlal_style_of_elements, amcnicky_altar_gilded,
          minmay_misc_feat_doors, uniq_eustachio
D:6:      layout_cave_pools, mainiacjoe_overflow_cross_hatched,
          mainiacjoe_overflow_surrounded_room, nicolae_ossuary_entry_plus
D:7:      layout_basic, minmay_temple_entry_purple_smoke, minivault_26
D:8:      layout_basic, nemelex_xobeh_ov_fountains_minmay, lair_entry_dummy,
          uniq_pikel
D:9:      layout_basic, evilmike_ruin_ashenzari, david_orc_4,
          serial_bayou_ford_a, minmay_circle_x
D:10:     layout_rooms, old_standard_altar, uniq_erica, uniq_maurice
D:11:     layout_irregular_city, uniq_grum
D:12:     layout_irregular_city
D:13:     layout_loops_corners, gammafunk_ghost_arena,
          nrook_guardian_serpent_ordinary
D:14:     layout_cave_pools, hellmonk_vaults_attempted_burglary,
          serial_bayou_pond_e, serial_co_window_serial, co_window_corner_a,
          co_window_paths_a, co_window_paths_a, co_window_of_opportunity_a,
          co_window_paths_a, co_window_paths_c, co_window_unsneaky_path_c,
          co_window_2corner, co_window_of_opportunity_c, co_window_corner_b,
          co_window_2corner, glass_columns_c, glass_columns_a, uniq_louise,
          uniq_azrael, uniq_agnes
D:15:     hellmonk_depths_entry_around_the_bend, layout_stronghold,
          minmay_misc_feat_cross, minivault_15, yredelemnul_altar_generic
Lair:1:   layout_roguey, gauntlet_entry_generic, grunt_megastairs_5,
          infiniplex_staircase_pool, uniq_gastronok
Lair:2:   layout_roguey, disabler_island
Lair:3:   layout_big_grid, minmay_swamp_entry_reptiles,
          spider_nest_entry_web_field, grunt_megastairs_3
Lair:4:   layout_hall_layers, lemuel_fruit_fields
Lair:5:   minmay_lair_end_enchanted_forest, layout_misc_corridors,
          minmay_slime_entry_pillars, minivault_25, minmay_hedge_maze, uniq_urug
Swamp:1:  layout_basic_swamp, evilmike_swamp_ruin_house_3, uniq_kirke
Swamp:2:  layout_basic_swamp, hangedman_swamp_ruin_hall,
          infiniplex_staircase_pool_2
Swamp:3:  layout_falls_marsh, ebering_ghost_rock_garden,
          evilmike_swamp_ruin_rubble_2
Swamp:4:  swamp_pestilence, layout_basic_swamp, swamp_pool_1_2,
          cheibrodos_swamp_pet_leeches
Spider:1: layout_spider_delve
Spider:2: layout_spider_delve
Spider:3: layout_cave_pods
Spider:4: hellmonk_spider_rune_endless_swarm
Orc:1:    cheibrodos_orc_guarddog, layout_caves, serial_shops,
          nicolae_shop_behind_doors, enter_volcano_3, nicolae_shop_firing_range
Orc:2:    grunt_orc_cross, layout_caves, basic_altar
Depths:1: layout_gridlike, kennysheep_minor_cross, hell_entry, wad_dig_loot
Depths:2: minmay_four_inscribed_fans, layout_cave_shapes, ziggurat_fallback,
          grunt_mini_vestibule, grunt_pan_entry_spiral, abyss_entry,
          firewood_loft

Skill      XL: |  1  2  3  4  5  6  7  8  9 10 11 12 13 14 15 16 17 18 |
---------------+-------------------------------------------------------+-----
Maces & Flails | 2 3 4 5 6 7 9 10 12 13 14 15 16 | 16.0
Armour         | 4 5 6 8 9 10 11 12 14 15 | 15.0
Fighting       | 3 4 5 6 7 8 9 11 12 | 12.7
Shields        | 4 6 8 9 11 13 14 15 16 17 | 17.2
Invocations    | 3 5 7 9 11 12 13 14 15 | 15.2
Dodging        | 4 7 8 |  8.9

Action                     |  1- 3 |  4- 6 |  7- 9 | 10-12 | 13-15 | 16-18 || total
---------------------------+-------+-------+-------+-------+-------+-------++-------
  Melee: Flail             |    77 |   106 |   382 |   674 |   382 |       ||  1621
         Tailslap          |     4 |     9 |    50 |   127 |   356 |   386 ||   932
         Morningstar       |       |       |       |       |  1284 |  1565 ||  2849
   Fire: Sling             |    35 |     7 |     4 |       |       |       ||    46
  Throw: Dart              |       |     6 |    10 |    18 |       |       ||    34
         Javelin           |       |       |       |       |       |     2 ||     2
 Invoke: Upheaval          |       |       |       |       |    11 |     5 ||    16
         Elemental Force   |       |       |       |       |     3 |    10 ||    13
         Disaster Area     |       |       |       |       |     1 |     2 ||     3
  Evoke: Wand              |       |       |       |       |       |     1 ||     1
    Use: Potion            |     1 |     1 |     2 |     5 |     1 |    11 ||    21
         Scroll            |       |     7 |    13 |     7 |     7 |     8 ||    42
   Stab: Petrified         |       |       |       |       |     3 |       ||     3
         Paralysed         |       |       |       |       |     2 |     3 ||     5
         Distracted        |       |       |       |       |       |     2 ||     2
 Armour: Scale mail        |    78 |    10 |       |       |       |       ||    88
         Chain mail        |       |    68 |   162 |       |       |       ||   230
         Plate armour      |       |       |   146 |   458 |   970 |  1225 ||  2799
  Dodge: Dodged            |    26 |    34 |    83 |    66 |    71 |   145 ||   425
         Repelled          |       |       |       |       |     1 |     4 ||     5
  Block: Buckler           |    20 |    26 |    95 |       |       |       ||   141
         Kite shield       |       |       |    24 |   452 |   462 |       ||   938
         Tower shield      |       |       |       |       |  1777 |  2482 ||  4259

Table legend: (Time is in decaauts)
 A = Elapsed time spent in this place.
 B = Non-inter-level travel time spent in this place.
 C = Inter-level travel time spent in this place.
 D = Time resting spent in this place.
 E = Time spent auto-exploring this place.
 F = Levels seen in this place.
 G = Mean time per level.
                   A        B        C        D        E       F      G
               +--------+--------+--------+--------+--------+-----+--------+
         Total |  38278 |  35547 |   2731 |   5494 |  12589 |  35 | 1093.7 |
       Dungeon |  16145 |  14600 |   1545 |   1983 |   6890 |  15 | 1076.3 |
          Lair |   5853 |   5139 |    714 |    330 |   2490 |   5 | 1170.6 |
         Swamp |   3254 |   3014 |    240 |    320 |    702 |   4 |  813.5 |
   Spider Nest |   6148 |   5982 |    166 |   1575 |    919 |   4 | 1537.0 |
  Orcish Mines |   2023 |   2003 |     20 |    181 |    808 |   2 | 1011.5 |
        Depths |   2289 |   2245 |     44 |    299 |    432 |   2 | 1144.5 |
       Ossuary |    508 |    508 |      0 |    251 |      0 |   1 |  508.0 |
       Volcano |    354 |    354 |      0 |      0 |     53 |   1 |  354.0 |
      Gauntlet |   1701 |   1701 |      0 |    555 |    295 |   1 | 1701.0 |
               +--------+--------+--------+--------+--------+-----+--------+

Top non-repeatable levels by time:
Spider:4: 1819 daAuts
Gauntlet: 1701 daAuts
Depths:1: 1689 daAuts
  Lair:3: 1608 daAuts
Spider:3: 1514 daAuts
     D:9: 1482 daAuts
Spider:1: 1471 daAuts
    D:13: 1459 daAuts
     D:3: 1389 daAuts
    D:15: 1357 daAuts
Spider:2: 1344 daAuts
     D:7: 1316 daAuts
    D:14: 1227 daAuts
     D:4: 1226 daAuts
   Orc:2: 1202 daAuts
